 Dungeon Crawl Stone Soup version 0.32-a0-899-geb5ba95 (webtiles) character file.

Game seed: 2586901781295737914

487172 kasel the Skinwalker (level 23, -15/221 HPs)
             Began as a Grey Draconian Shapeshifter on Apr 4, 2024.
             Was an Initiate of Gozag.
             Demolished by a black draconian knight
             ... wielding a +1 long sword
              (21 damage)
             ... on level 1 of the Realm of Zot.
             The game lasted 01:25:56 (63038 turns).

kasel the Skinwalker (Grey Draconian Shapeshifter) Turns: 63038, Time: 01:25:57

Health: -15/221    AC: 28    Str: 28    XL:     23   Next: 52%
Magic:  32/32      EV: 18    Int:  7    God:    Gozag
Gold:   5832       SH: 21    Dex: 13    Spells: 22/22 levels left

rFire   + +          +
                       - Unarmed
rCold   + + +        L - +3 kite shield {rC+}
rNeg    + + +        (body armour unavailable)
rPois   ∞            d - +2 hat {Will+}
rElec   .            p - +2 cloak
rCorr   .            M - +0 pair of gloves of Indemnity {rPois rF+}
SInv    .            j - +2 pair of slick slippers {slick, slippery, EV+4}
Will    +++..        f - amulet of reflection
Stlth   ++++         C - ring of Vicuujopp {rF++ rC+ MP+9 Str+2 Int-3}
HPRegen 0.56/turn    J - +4 ring of protection
MPRegen 0.23/turn

%: reflection
@: about to teleport, death-form, gold aura, studying 3 skills
A: vile attack, torment immunity, no potions, (mud breath), (mud-swimmer), AC
+16, amphibious, unfitting armour, cold-blooded
}: 3/15 runes: serpentine, barnacled, silver
a: Siphon Essence, Begin Untransformation, Renounce Religion, Potion Petition,
Call Merchant, Bribe Branch


You were on level 1 of the Realm of Zot.
You worshipped Gozag.
Gozag was greatly pleased with you.
You were an undying horror.
You visited 10 branches of the dungeon, and saw 44 of its levels.
You also visited: Ice Cave and Wizlab.

You collected 24938 gold pieces.
You spent 2735 gold pieces at shops.
You paid 16371 gold pieces to Gozag.

Inventory:

Missiles
 m - 40 poisoned darts
 y - 16 curare-tipped darts
 z - 7 throwing nets
Armour
 d - a +2 hat of willpower (worn)
 j - the +2 pair of slick slippers (worn) {slick, slippery, EV+4}
   (You acquired it on level 2 of the Dungeon)

   Slick:     Its wearer cannot be constricted, engulfed, netted, webbed, or
   stopped by binding sigils.
   Slippery:  Its wearer slips away from damaging melee attacks, pulling the
   attacker onward.
   EV+4:      It affects your evasion (+4).
 p - a +2 cloak (worn)
 L - a +3 kite shield of cold resistance (worn)
 M - the +0 pair of gloves of Indemnity (worn) {rPois rF+}
   (You bought it in a shop on level 14 of the Dungeon)

   rF+:       It protects you from fire.
   rPois:     It protects you from poison.
Jewellery
 f - an amulet of reflection (around neck)
 C - the ring of Vicuujopp (left hand) {rF++ rC+ MP+9 Str+2 Int-3}
   (You bought it in a shop on level 1 of the Orcish Mines)

   [ring of magical power]

   Str+2:     It affects your strength (+2).
   Int-3:     It affects your intelligence (-3).
   rF++:      It greatly protects you from fire.
   rC+:       It protects you from cold.
   MP+9:      It affects your magic capacity (+9).
 I - the ring "Hajugh" {rF+ Str+2 Dex+3}
   (You found it on level 1 of the Depths)

   [ring of protection from fire]

   Str+2:     It affects your strength (+2).
   Dex+3:     It affects your dexterity (+3).
   rF+:       It protects you from fire.
 J - a +4 ring of protection (right hand)
Talismans
 b - a talisman of death (active)
 T - a granite talisman
 U - a dragon-blood talisman
Wands
 i - a wand of charming (10)
 x - a wand of roots (53)
 B - a wand of flame (152)
 D - a wand of digging (6)
 O - a wand of mindburst (32)
 P - a wand of light (23)
Scrolls
 a - 3 scrolls of vulnerability
 c - 8 scrolls of poison
 e - 12 scrolls of teleportation
 h - 6 scrolls of silence
 w - 5 scrolls of enchant weapon
 E - 9 scrolls of identify
 F - 5 scrolls of fear
 Q - 7 scrolls of revelation
 R - 2 scrolls of fog
 S - 3 scrolls of amnesia
 W - 3 scrolls of brand weapon
Potions
 g - 2 potions of magic
 l - 10 potions of might
 n - 4 potions of mutation
 o - 4 potions of invisibility
 q - 7 potions of enlightenment
 r - 4 potions of resistance
 s - 3 potions of berserk rage
 t - 6 potions of lignification
 u - 4 potions of ambrosia
 v - 11 potions of brilliance
 A - 4 potions of cancellation
 G - 8 potions of attraction
 H - 2 potions of haste
 K - 20 potions of curing
 N - 8 potions of heal wounds
Miscellaneous
 k - a box of beasts (inert)


   Skills:
 + Level 21.5 Fighting
 - Level 9.0 Dodging
 - Level 9.0 Stealth
 - Level 15.0 Shields
 * Level 21.7 Unarmed Combat
 - Level 10.0 Evocations
 - Level 23.0 Shapeshifting


You had 22 spell levels left.
You didn't know any spells.
Your spell library contained the following spells:

 Spells                   Type           Power      Damage    Failure   Level
 Foxfire                  Conj/Fire      0%         2x1d4     54%         1
 Magic Dart               Conj           0%         1d3       54%         1
 Sandblast                Erth           0%         2d4       54%         1
 Sting                    Conj/Alch      0%         1d3       54%         1
 Blink                    Tloc           0%         N/A       69%         2
 Cigotuvi's Dreadful Rot  Necr/Alch/Air  0%         N/A       69%         2
 Lesser Beckoning         Tloc           0%         N/A       69%         2
 Mercury Vapours          Alch/Air       0%         N/A       69%         2
 Momentum Strike          Conj/Tloc      0%         3d8       69%         2
 Searing Ray              Conj           0%         2d4       69%         2
 Static Discharge         Conj/Air       0%         3-3/arc   69%         2
 Call Canine Familiar     Summ           0%         N/A       89%         3
 Dazzling Flash           Conj/Hex       0%         N/A       89%         3
 Frozen Ramparts          Ice            0%         1d1       89%         3
 Fugue of the Fallen      Necr           0%         N/A       89%         3
 Inner Flame              Hex/Fire       0%         N/A       89%         3
 Maxwell's Portable Pile  Tloc           0%         2d(5-13)  89%         3
 Ozocubu's Armour         Ice            0%         N/A       89%         3
 Passwall                 Erth           0%         N/A       89%         3
 Sigil of Binding         Hex            0%         N/A       89%         3
 Stone Arrow              Conj/Erth      0%         3d7       89%         3
 Summon Ice Beast         Ice/Summ       0%         N/A       89%         3
 Teleport Other           Tloc           0%         N/A       89%         3
 Volatile Blastmotes      Fire/Tloc      0%         2d10      89%         3
 Airstrike                Air            0%         2d(0-16)  100%        4
 Brom's Barrelling Bould  Conj/Erth      0%         2d3       100%        4
 Dimensional Bullseye     Hex/Tloc       0%         N/A       100%        4
 Flame Wave               Conj/Fire      0%         2d4       100%        4
 Fulminant Prism          Conj/Alch      0%         3d5       100%        4
 Ignite Poison            Fire/Alch      0%         N/A       100%        4
 Leda's Liquefaction      Alch/Erth      0%         N/A       100%        4
 Olgreb's Toxic Radiance  Alch           0%         N/A       100%        4
 Sticky Flame             Fire/Alch      0%         2d4       100%        4
 Summon Lightning Spire   Summ/Air       0%         N/A       100%        4
 Vhi's Electric Charge    Tloc/Air       0%         N/A       100%        4
 Alistair's Intoxication  Alch           0%         N/A       100%        5
 Arcjolt                  Conj/Air       0%         1d10      100%        5
 Borgnjor's Vile Clutch   Necr/Erth      0%         N/A       100%        5
 Fireball                 Conj/Fire      0%         3d3       100%        5
 Freezing Cloud           Conj/Ice/Air   0%         6-21      100%        5
 Iskenderun's Battlesphe  Conj           0%         2d6       100%        5
 Lee's Rapid Deconstruct  Erth           0%         3d4*      100%        5
 Metabolic Englaciation   Hex/Ice        0%         N/A       100%        5
 Summon Forest            Summ/Tloc      0%         N/A       100%        5
 Summon Mana Viper        Hex/Summ       0%         N/A       100%        5
 Bombard                  Conj/Erth      0%         9d1       100%        6
 Conjure Ball Lightning   Conj/Air       0%         3x3d6     100%        6
 Eringya's Noxious Bog    Alch           0%         4d6       100%        6
 Permafrost Eruption      Ice/Erth       0%         2x4d1     100%        6
 Plasma Beam              Fire/Air       0%         2x1d10    100%        6
 Sculpt Simulacrum        Ice/Alch       0%         N/A       100%        6
 Starburst                Conj/Fire      0%         6d3       100%        6
 Malign Gateway           Summ/Tloc      0%         N/A       100%        7
 Manifold Assault         Tloc           0%         N/A       100%        7
 Orb of Destruction       Conj           0%         9d5       100%        7
 Ozocubu's Refrigeration  Ice            0%         4d7       100%        7
 Summon Hydra             Summ           0%         N/A       100%        7
 Discord                  Hex            0%         N/A       100%        8
 Disjunction              Tloc           0%         N/A       100%        8
 Ignition                 Fire           0%         3d3       100%        8
 Lehudib's Crystal Spear  Conj/Erth      0%         10d2      100%        8
 Polar Vortex             Ice            0%         N/A       100%        9
 Animate Armour           Summ/Erth      Unusable   N/A       N/A         4

Dungeon Overview and Level Annotations

Branches:
Dungeon (15/15)            Temple (1/1) D:7            Lair (5/5) D:8
 Shoals (4/4) Lair:3        Snake (4/4) Lair:2        Slime (0/5) Lair:4
    Orc (2/2) D:10            Elf (3/3) Orc:2        Vaults (5/5) D:13
  Crypt (0/3) Vaults:3     Depths (4/4) D:15            Zot (1/5) Depths:4
  IceCv (visited)          WizLab (visited)

Altars:
Ashenzari
Cheibriados
Dithmenos
Elyvilon
Fedhas
Gozag
Hepliaklqana
Kikubaaqudgha
Makhleb
Nemelex Xobeh
Okawaru
Qazlal
Ru
Sif Muna
Trog
Uskayaw
Vehumet
Wu Jian
Xom
Yredelemnul
Zin
The Shining One
Beogh
Jiyva

Shops:
D:6 *   D:8 (   D:11 *   D:12 [   D:14 [   D:15 *   Orc:1 ?**=?   Orc:2 =[=?
Elf:3 [   Shoals:1 **[(   Snake:1 :   Snake:4 :   Vaults:1 !   Depths:2 **(
Depths:4 [*!=

Portals:
Hell: Depths:1 Depths:2 Depths:3 Depths:4
Abyss: Depths:1 Depths:3
Pandemonium: Depths:2
Ziggurat: Depths:4
Trove: D:10 (give 7 scrolls of fear)

Annotations:
D:3 1 runed translucent door, Yulgok's ghost, weakling DECj
D:5 1 runed translucent door, bignoob's ghost, amateur DgHu
D:11 Sonja
Lair:2 2 runed translucent doors, 1lSu2w's ghost, journeyman MfGl
Lair:4 2 transporters
Shoals:1 1 runed translucent door, Zeibaif's ghost, journeyman DrSh
Orc:2 2 runed translucent doors, Lovepenguin's ghost, novice DgAl
Elf:1 1 runed translucent door, ooops's ghost, adept CoGl
Depths:4 6 runed translucent doors


Innate Abilities, Weirdness & Mutations

You are an undying horror.
Your melee and unarmed attacks drain, slow and weaken victims.
You are immune to unholy pain and torment.
You cannot drink.
You are immune to poison.
((You can breathe torrents of mud.))
((You are unimpeded by mud.))
Your dull iron-grey scales are very hard. (AC +16)
You are amphibious.
You cannot fit into any form of body armour.
You are cold-blooded and may be slowed by cold attacks.


Message History

Unknown command.
A purple draconian shifter comes into view.
It is wielding a +0 long sword.
You hear some strange, mumbled words.
A shard of ice appears from out of thin air!
The shard of ice hits something.
The yellow draconian annihilator spits acid at you.
The splash of acid hits you!
* * * LOW HITPOINT WARNING * * *
Something hits you but does no damage.
Things that are here:
7 gold pieces; a +0 battleaxe You cannot drink potions in your current state!
You pummel the purple draconian shifter!!
The purple draconian shifter decays.
You drain the purple draconian shifter!
The purple draconian shifter is moderately wounded.
You are no longer corroded.
A bolt of lightning appears from out of thin air!
The bolt of lightning hits you!!
* * * LOW HITPOINT WARNING * * *
The yellow draconian annihilator casts a spell at you.
The poison arrow hits you. You partially resist.
* * * LOW HITPOINT WARNING * * *
You hear a roar!
Okay, then.
You beat the purple draconian shifter into a bloody pulp!!!
The purple draconian shifter decays.
You drain the purple draconian shifter!
You tail-slap the purple draconian shifter.
The purple draconian shifter is almost dead.
Something hits you but does no damage. x2
Unknown command.
You hit the purple draconian shifter.
The purple draconian shifter decays.
You drain the purple draconian shifter.
The purple draconian shifter is almost dead.
You hear some strange, mumbled words.
A shard of ice appears from out of thin air!
The shard of ice hits you! You partially resist.
* * * LOW HITPOINT WARNING * * *
Something hits you!!
You die...
Your body crumbles into a pile of gold.

#.[ ... ..
#. #+#'##
##....##
#......###
#.⌠.qd$$.###
#..##zq....#
#○{{∩...#
##..#...#
####.......
#.....#
....## ##..#
#.+ .#


You could see a green draconian (drained), a purple draconian shifter (slow,
weak, very drained) and a yellow draconian annihilator (catching breath).

Vanquished Creatures
  Bai Suzhen (Depths:1)
  Parghit (Depths:3)
  A golden dragon (Depths:3)
  4 caustic shrikes (Depths:4)
  An iron giant (Depths:3)
  3 bone dragons (Depths:4)
  An electric golem (WizLab)
  Zenata (Elf:2)
  Rupert (D:13)
  A walking crystal tome (Depths:3)
  A walking earthen tome (Depths:3)
  A tentacled monstrosity (Zot:1)
  Asterion (Vaults:3)
  A quicksilver dragon (Snake:4)
  4 deep elf blademasters
  5 sphinxes
  A death cob (Zot:1)
  Frances (Elf:1)
  Gastronok (D:10)
  Agnes (Snake:1)
  Donald (Vaults:3)
  Kirke (Snake:1)
  4 tengu reavers
  3 storm dragons
  3 shadow dragons
  Ilsuiw (Shoals:4)
  4 fire giants
  3 nagarajas
  Roxanne (Elf:1)
  A draconian shifter (Depths:4)
  A draconian monk (Depths:4)
  6 deep elf sorcerers
  A draconian knight (Depths:4)
  3 iron dragons
  2 balrugs
  4 deep elf elementalists
  An emperor scorpion (D:15)
  6 vault wardens
  6 frost giants
  A juggernaut zombie (Depths:3)
  8 orc warlords
  5 formless jellyfish
  Louise (Elf:2)
  10 very ugly things
  11 ironbound thunderhulks
  14 stone giants
  18 ironbound preservers
  6 green draconians (Depths:4)
  5 war gargoyles
  A black draconian (Depths:4)
  Nessos (Orc:2)
  3 vampire knights
  Azrael (D:13)
  6 deep elf demonologists
  6 deep elf death magi
  15 dire elephants
  3 deep elf annihilators
  3 white draconians (Depths:4)
  5 purple draconians (Depths:4)
  A yellow draconian (Depths:4)
  7 ettins
  A red draconian (Zot:1)
  6 merfolk javelineers (Shoals:4)
  5 fire dragons
  10 merfolk impalers
  9 yaktaur captains
  2 crystal guardians (WizLab)
  2 entropy weavers
  5 great orbs of eyes
  10 hydras
  5 salamander tyrants
  5 deep elf high priests (Elf:3)
  2 rakshasas
  3 vault guards
  10 peacekeepers
  Erolcha (Orc:2)
  A spriggan air mage (Depths:3)
  An ogre mage (D:15)
  An alligator snapping turtle (Shoals:1)
  10 centaur warriors
  11 ice dragons
  Erica (D:11)
  10 ironbound frosthearts
  9 anacondas
  3 merfolk aquamancers
  4 merfolk avatars
  3 satyrs
  5 boulder beetles
  2 catoblepae
  4 tengu warriors
  13 two-headed ogres
  26 dancing weapons
  A death knight (D:13)
  2 shock serpents
  10 death yaks
  3 deep troll earth magi (Depths:4)
  6 naga sharpshooters
  5 deep troll shamans
  An occultist (Depths:2)
  7 spriggan berserkers
  A vampire mage (Depths:4)
  5 naga warriors
  A soul eater (Depths:2)
  Nergalle (D:11)
  15 hell knights
  2 orc high priests
  Urug (D:11)
  5 spriggans
  A shadow wraith (Vaults:1)
  A skyshark (shapeshifter) (Vaults:5)
  17 deep elf knights
  5 salamander mystics
  11 skysharks
  6 iron trolls (Depths:3)
  9 deep elf archers
  Lodul (D:11)
  A goliath frog (Lair:5)
  10 mana vipers
  56 deep trolls
  7 sea snakes
  A tengu zombie (Vaults:4)
  7 naga ritualists
  2 bog bodies (IceCv)
  A sun moth (shapeshifter) (Elf:2)
  11 ironbound convokers
  2 phantasmal warriors
  Pikel (D:7)
  A flayed ghost (Depths:1)
  22 harpies
  7 thermic dynamos
  32 orc knights
  A harpy (shapeshifter) (D:15)
  4 necromancers
  2 lightning spires (WizLab)
  4 obsidian bats
  30 ugly things
  10 arcanists
  14 orc sorcerers
  An orb spider (shapeshifter) (Vaults:5)
  24 deep elf pyromancers
  32 deep elf zephyrmancers
  A tengu skeleton (Vaults:4)
  7 cyclopes
  4 lindwurms
  An iron dragon zombie (Depths:3)
  A fire giant zombie (Depths:3)
  10 fauns
  12 manticores
  An oklob plant (Lair:1)
  3 kobold blastminers (Orc:1)
  28 salamanders
  Maurice (D:8)
  17 elephants
  A titan simulacrum (Vaults:4)
  A meliai (shapeshifter) (D:13)
  An iron dragon skeleton (Depths:3)
  9 merfolk sirens
  7 naga magi
  11 water nymphs
  Joseph (D:7)
  3 guardian serpents
  A rust devil (Depths:2)
  41 black mambas
  14 vault sentinels
  2 molten gargoyles (WizLab)
  A torpor snail (Lair:3)
  An ice statue (IceCv)
  2 smoke demons (Depths:1)
  7 gargoyles
  16 cane toads
  A yaktaur (shapeshifter) (D:13)
  5 kobold demonologists
  Jeremiah (D:7)
  An unseen horror (D:15)
  Maggie (D:7)
  2 rime drakes
  2 tengu conjurers
  7 komodo dragons
  An anaconda simulacrum (IceCv)
  A freezing wraith (Vaults:5)
  23 yaktaurs
  3 ice devils
  A tyrant leech (Lair:5)
  3 polar bears
  5 trolls
  40 merfolk
  9 wind drakes
  7 hornets
  12 snapping turtles
  18 blink frogs
  9 dream sheep
  A stone giant simulacrum (Vaults:4)
  2 air elementals (Elf:1)
  45 slime creatures
  2 vampires
  An elf zombie (Vaults:1)
  2 wraiths (D:9)
  3 dire elephant simulacra (IceCv)
  2 hogs (Snake:1)
  8 wyverns
  8 wargs
  2 yaks (shapeshifter)
  8 fire elementals
  9 water elementals
  55 yaks
  3 basilisks
  A redback (Vaults:4)
  A redback (shapeshifter) (D:12)
  2 death yak simulacra (IceCv)
  10 vampire mosquitoes
  Grum (D:8)
  20 nagas
  4 acid dragons
  A swamp worm (shapeshifter) (Vaults:5)
  10 hell hounds
  A harpy simulacrum (IceCv)
  Duvessa (D:4)
  17 water moccasins
  A hydra simulacrum (IceCv)
  6 ice beasts (D:8)
  41 orc warriors
  A black bear (D:8)
  20 ogres
  3 sky beasts
  A deep troll simulacrum (Vaults:1)
  15 wolves
  7 boggarts
  8 centaurs
  4 lemures
  6 kobold brigands
  A phantom (D:6)
  14 bullfrogs
  8 earth elementals
  2 two-headed ogre simulacra (IceCv)
  3 cane toad simulacra (IceCv)
  2 gnoll sergeants (D:9)
  2 scorpions
  3 wights (D:9)
  Dowan (D:4)
  An orc simulacrum (Vaults:1)
  16 killer bees
  An elephant simulacrum (IceCv)
  2 electric eels
  4 howler monkeys
  7 lava snakes (Snake:3)
  22 orc priests
  A jelly (D:8)
  2 gnoll boudas
  A hound (D:6)
  2 iguanas (D:5)
  32 orc wizards
  2 polar bear simulacra (IceCv)
  4 spriggan simulacra (IceCv)
  6 troll simulacra (IceCv)
  A wolf simulacrum (IceCv)
  10 gnolls
  5 naga simulacra (IceCv)
  5 adders
  A shadow imp (D:5)
  7 white imps
  8 ufetubi (IceCv)
  2 dart slugs
  2 ribbon worms
  77 orcs
  3 bats
  3 endoplasms
  3 giant cockroaches
  6 goblins
  5 hobgoblins
  3 quokkas
  7 ball pythons
  2 frilled lizards
  15 kobolds
  4 rats (D:3)
1793 creatures vanquished.

Vanquished Creatures (collateral kills)
  A golden dragon (Vaults:5)
  A tentacled monstrosity (Vaults:5)
  A titan (Vaults:5)
  A sphinx (Vaults:5)
  2 shadow dragons (Vaults:5)
  A fire giant (Vaults:5)
  A very ugly thing (Vaults:5)
  A yaktaur captain (Vaults:5)
  8 vault guards
  A two-headed ogre (shapeshifter) (Vaults:5)
  A deep troll (Depths:3)
  A necromancer (Depths:3)
  A phantasmal warrior (Vaults:5)
  An ironbound convoker (Vaults:5)
22 creatures vanquished.

Vanquished Creatures (others)
  5 tentacled monstrosities (Vaults:5)
  3 tengu reavers (Vaults:5)
  A deep elf sorcerer (Vaults:5)
  A deep elf elementalist (Elf:3)
  2 ironbound preservers (Vaults:5)
  A vampire knight (Depths:3)
  A deep elf annihilator (Vaults:5)
  A war gargoyle (Vaults:5)
  A deep elf demonologist (Vaults:5)
  2 yaktaur captains (Vaults:5)
  14 vault guards (Vaults:5)
  A deep troll earth mage (Vaults:5)
  A deep elf knight (Elf:3)
  An occultist (Depths:1)
  A deep troll (Vaults:5)
  A phantasmal warrior (Vaults:5)
  A deep elf zephyrmancer (Elf:2)
  3 ironbound convokers (Vaults:5)
  A merfolk (Shoals:4)
  A centaur simulacrum (D:11)
  A warg (Vaults:5)
  A golden eye (shapeshifter) (D:11)
  A redback (Vaults:5)
  An orc warrior (Vaults:5)
  A boggart (D:15)
  3 orc wizards
  3 orcs
54 creatures vanquished.

Grand Total: 1869 creatures vanquished

Notes
Turn   | Place    | Note
-------+----------+-------------------------------------------
     0 | D:1      | kasel the Draconian Shapeshifter began the quest for the
                  | Orb.
     0 | D:1      | Reached XP level 1. HP: 16/16 MP: 1/1
    56 | D:1      | Reached skill level 1 in Stealth
   163 | D:1      | Reached XP level 2. HP: 23/23 MP: 2/2
  1193 | D:2      | Reached XP level 3. HP: 27/28 MP: 3/3
  1275 | D:2      | Reached skill level 4 in Shapeshifting
  1621 | D:2      | Identified a scroll of acquirement
  1621 | D:2      | Acquired the +2 pair of slick slippers {slick, slippery,
                  | EV+4}
  1621 | D:2      | Found the +2 pair of slick slippers {slick, slippery, EV+4}
  1678 | D:3      | Reached XP level 4. HP: 35/35 MP: 4/4
  1701 | D:3      | You fall into a shaft and drop 3 floors!
  1703 | D:6      | Noticed a water moccasin
  1738 | D:6      | Reached skill level 5 in Shapeshifting
  1754 | D:6      | Reached XP level 5. HP: 40/40 MP: 5/5
  1923 | D:6      | Noticed a water moccasin
  1935 | D:6      | Killed a water moccasin
  1936 | D:6      | Reached skill level 6 in Shapeshifting
  2102 | D:6      | Noticed a centaur
  2110 | D:6      | Killed a centaur
  2111 | D:6      | Reached XP level 6. HP: 19/47 MP: 6/6
  2228 | D:6      | Noticed a water moccasin
  2234 | D:6      | Killed a water moccasin
  2235 | D:6      | Reached skill level 7 in Shapeshifting
  2361 | D:5      | Entered Level 5 of the Dungeon
  2467 | D:5      | Your scales start taking on a dull iron-grey colour.
  2467 | D:5      | Reached XP level 7. HP: 50/53 MP: 7/7
  2636 | D:3      | Noticed Yulgok's ghost (weakling DECj)
  2664 | D:3      | Found a runed translucent door.
  2871 | D:4      | Noticed Duvessa
  2871 | D:4      | Noticed Dowan
  2883 | D:4      | Killed Duvessa
  2900 | D:4      | Killed Dowan
  3484 | D:5      | Reached skill level 5 in Unarmed Combat
  3622 | D:5      | Found a runed translucent door.
  3626 | D:5      | Noticed bignoob's ghost (amateur DgHu)
  3741 | D:5      | Found a burning altar of Makhleb.
  3909 | D:6      | Reached XP level 8. HP: 67/67 MP: 8/8
  4046 | D:6      | Found Ywney's Gadget Gallery.
  4331 | D:6      | Reached skill level 5 in Fighting
  4623 | D:7      | Noticed Joseph
  4623 | D:7      | Noticed Pikel
  4842 | D:7      | Noticed Jeremiah
  4931 | D:7      | Found a glowing golden altar of the Shining One.
  5032 | D:7      | Noticed Maggie
  5047 | D:7      | Killed Maggie
  5136 | D:7      | Reached XP level 9. HP: 20/78 MP: 9/9
  5351 | D:7      | Killed Joseph
  5364 | D:7      | Killed Pikel
  5427 | D:7      | Found a staircase to the Ecumenical Temple.
  5479 | Temple   | Entered the Ecumenical Temple
  5700 | Temple   | Became a worshipper of Gozag Ym Sagoz the Greedy
  5740 | D:7      | Killed Jeremiah
  6206 | D:8      | Noticed Maurice
  6233 | D:8      | Killed Maurice
  6234 | D:8      | Reached XP level 10. HP: 91/91 MP: 10/10
  6290 | D:8      | Reached skill level 10 in Unarmed Combat
  6561 | D:8      | Found a staircase to the Lair.
  6696 | D:8      | Reached skill level 1 in Evocations
  6740 | D:8      | Noticed Grum
  6749 | D:8      | Killed Grum
  7010 | D:8      | Found Budghac's Weapon Shop.
  7177 | D:9      | Noticed a two-headed ogre
  7186 | D:9      | Killed a two-headed ogre
  7471 | D:9      | Noticed a two-headed ogre
  7477 | D:9      | Reached XP level 11. HP: 91/97 MP: 11/11
  7485 | D:9      | Killed a two-headed ogre
  7486 | D:9      | Reached skill level 5 in Dodging
  7486 | D:9      | Reached skill level 8 in Shapeshifting
  7646 | D:9      | Noticed a tengu warrior
  7646 | D:9      | Noticed a centaur warrior
  7667 | D:9      | Killed a centaur warrior
  7674 | D:9      | Killed a tengu warrior
  7954 | D:9      | Reached skill level 5 in Evocations
  8051 | D:9      | Reached skill level 9 in Shapeshifting
  8193 | D:9      | Noticed a tengu warrior
  8205 | D:9      | Killed a tengu warrior
  8400 | D:9      | Noticed an eight-headed hydra
  8420 | D:9      | Killed an eight-headed hydra
  8730 | D:9      | Found an ornate altar of the Wu Jian Council.
  9056 | D:9      | Noticed a centaur warrior
  9066 | D:9      | Killed a centaur warrior
  9067 | D:9      | Reached XP level 12. HP: 94/104 MP: 12/12
  9285 | D:10     | Entered Level 10 of the Dungeon
  9306 | D:10     | HP: 2/104 [rock wall collision (12)]
  9605 | D:10     | Got the Precepts of Combed Thunderclap
  9612 | D:10     | Got Ts'ui Pên's Directory of Forking Paths
  9622 | D:10     | Noticed Gastronok
  9638 | D:10     | Killed Gastronok
  9758 | D:10     | Got Sif Muna's Precepts of Plaster Cramp
  9907 | D:10     | Reached skill level 10 in Shapeshifting
 10134 | D:10     | Found a portal to a secret trove of treasure.
 10205 | D:10     | Noticed a two-headed ogre
 10214 | D:10     | Killed a two-headed ogre
 10351 | D:10     | Found a staircase to the Orcish Mines.
 10644 | Lair:1   | Entered Level 1 of the Lair of Beasts
 11005 | Lair:1   | Reached skill level 11 in Shapeshifting
 11226 | Lair:1   | Reached XP level 13. HP: 111/111 MP: 13/13
 11856 | Lair:2   | Found a large runed translucent door.
 11857 | Lair:2   | Found a large runed translucent door.
 11860 | Lair:2   | Noticed 1lSu2w's ghost (journeyman MfGl)
 12224 | Lair:2   | Found a staircase to the Snake Pit.
 12435 | Lair:2   | Identified the +5 long sword "Worm" {vamp, *Noise rPois
                  | Will+++ Dex-5}
 12840 | Lair:3   | Reached skill level 12 in Shapeshifting
 13141 | Lair:3   | Paralysed by a hornet for 1 turns
 13211 | Lair:3   | Found a staircase to the Shoals.
 14146 | Lair:4   | Reached skill level 13 in Shapeshifting
 14146 | Lair:4   | Found a staircase to the Slime Pits.
 14146 | Lair:4   | Found a viscous altar of Jiyva.
 14263 | Lair:4   | Found a transporter.
 14527 | Lair:4   | Found a transporter.
 14724 | Lair:4   | Reached skill level 15 in Unarmed Combat
 15064 | Lair:5   | Entered Level 5 of the Lair of Beasts
 15071 | Lair:5   | Reached XP level 14. HP: 118/118 MP: 14/14
 15074 | Lair:5   | Identified the +4 scimitar "Ogrebane" {pain, ^Fragile rPois
                  | rCorr}
 15698 | Lair:5   | Reached skill level 14 in Shapeshifting
 15754 | Lair:5   | HP: 1/118 [cane toad (10)]
 16179 | Lair:5   | Reached skill level 10 in Fighting
 16297 | Lair:5   | Identified the +1 mace of the Undead {pain, Fly rF- rN+++
                  | Int-3}
 16712 | Orc:1    | Entered Level 1 of the Orcish Mines
 16772 | Orc:1    | Found Ulaajos's Magic Scroll Shoppe.
 16819 | Orc:1    | Noticed an orc warlord
 16839 | Orc:1    | Killed an orc warlord
 16920 | Orc:1    | Noticed an orc warlord
 16945 | Orc:1    | Noticed an orc warlord
 17351 | Orc:1    | Bought a scroll of fear for 48 gold pieces
 17397 | Orc:1    | Killed an orc warlord
 17500 | Orc:1    | Found a frozen archway.
 17527 | IceCv    | Entered an ice cave
 17992 | IceCv    | Reached XP level 15. HP: 89/134 MP: 15/15
 19339 | Orc:1    | Identified the +1 pair of gloves "Yssostiu" {rPois Int+2}
 19382 | Orc:1    | Identified the +3 longbow "Fiegya" {heavy, rElec rC+
                  | Will++}
 19384 | Orc:1    | Identified the ring of Resae {+Blink rC- Int+6 Dex+3
                  | Slay+5}
 19700 | Orc:1    | Bought a scroll of fear for 60 gold pieces
 19702 | Orc:1    | Bought a scorched bronze ring for 140 gold pieces
 19702 | Orc:1    | Identified the ring "Kaoreaq" {Ice Will- Dex+5 SInv} (You
                  | bought it in a shop on level 1 of the Orcish Mines)
 19706 | Orc:1    | Bought a potion of might for 56 gold pieces
 19708 | Orc:1    | Bought a dragon-blood talisman for 960 gold pieces
 19725 | Orc:2    | Entered Level 2 of the Orcish Mines
 19802 | Orc:2    | Found a staircase to the Elven Halls.
 20222 | Orc:2    | Found a roughly hewn altar of Beogh.
 20238 | Orc:2    | Found a large runed translucent door.
 20238 | Orc:2    | Found a large runed translucent door.
 20264 | Orc:2    | Noticed Lovepenguin's ghost (novice DgAl)
 20585 | Orc:2    | Found Yhaed's Magic Scroll Shop.
 20611 | Orc:2    | Found an ancient bone altar of Kikubaaqudgha.
 20642 | Orc:2    | Found Gagogyh's Antique Armour Boutique.
 20658 | Orc:2    | Noticed Erolcha
 20663 | Orc:2    | Killed Erolcha
 20690 | Orc:2    | Found a radiant altar of Vehumet.
 20916 | Orc:2    | Noticed Nessos
 20921 | Orc:2    | Found a roughly hewn altar of Beogh.
 20922 | Orc:2    | Found Ahumof's Jewellery Boutique.
 20934 | Orc:2    | Killed Nessos
 21181 | Orc:2    | Found Taqo's Jewellery Shop.
 21591 | D:11     | Noticed Nergalle
 21599 | D:11     | Killed Nergalle
 21600 | D:11     | Reached skill level 15 in Shapeshifting
 21753 | D:11     | Noticed Sonja
 21777 | D:11     | Noticed Lodul
 21802 | D:11     | Killed Lodul
 21965 | D:11     | Noticed Erica
 21979 | D:11     | Killed Erica
 22015 | D:11     | Noticed Urug
 22026 | D:11     | Killed Urug
 22892 | D:12     | Found Folan's Armour Emporium.
 23861 | D:13     | Found a gate to the Vaults.
 23913 | D:13     | Noticed Azrael
 23923 | D:13     | Killed Azrael
 23959 | D:13     | Reached skill level 16 in Shapeshifting
 24186 | Orc:1    | Bought the ring of Vicuujopp {rF++ rC+ MP+9 Str+2 Int-3}
                  | for 790 gold pieces
 24429 | D:13     | Noticed Rupert
 24435 | D:13     | Killed Rupert
 24907 | D:14     | Found Egovon's Antique Armour Boutique.
 25146 | D:15     | Entered Level 15 of the Dungeon
 25159 | D:15     | Reached XP level 16. HP: 145/145 MP: 16/16
 26347 | D:15     | Found Uqoc's General Store.
 26797 | D:15     | Found a broken altar of Ashenzari.
 26898 | D:15     | Found a staircase to the Depths.
 27096 | Snake:1  | Entered Level 1 of the Snake Pit
 27096 | Snake:1  | Noticed Kirke
 27101 | Snake:1  | Killed Kirke
 27294 | Snake:1  | Noticed Agnes
 27301 | Snake:1  | Killed Agnes
 27312 | Snake:1  | Reached skill level 17 in Shapeshifting
 27576 | Snake:1  | Found Ruivuapsora's Tiny Tomes.
 28167 | Snake:2  | Identified the +6 flail "Edeshrod" {freeze, rElec Stlth+}
 28252 | Snake:2  | Got the Spellbook of Accelerants and the Jaunt
 29460 | Snake:3  | Reached XP level 17. HP: 154/154 MP: 17/17
 29605 | Snake:3  | Reached skill level 15 in Fighting
 29712 | Snake:3  | Identified the blade talisman "Omoteala" {Will+ Stlth+}
 29897 | Snake:3  | Reached skill level 18 in Shapeshifting
 30126 | Snake:4  | Entered Level 4 of the Snake Pit
 31594 | Snake:4  | Found Sona's Book Shoppe.
 32125 | Snake:4  | Noticed a quicksilver dragon
 32137 | Snake:4  | Killed a quicksilver dragon
 32513 | Snake:4  | Got a serpentine rune of Zot
 32771 | Vaults:1 | Entered Level 1 of the Vaults
 32776 | Vaults:1 | Paralysed by a formless jellyfish for 1 turns
 33877 | Vaults:1 | Reached XP level 18. HP: 91/172 MP: 18/18
 34407 | Vaults:1 | Found Ynirak's Distillery.
 34416 | Vaults:1 | Bought a potion of heal wounds for 70 gold pieces
 34416 | Vaults:1 | Bought a potion of curing for 42 gold pieces
 34435 | Vaults:1 | Reached skill level 19 in Shapeshifting
 34732 | Vaults:1 | Found a glowing golden altar of the Shining One.
 36089 | Vaults:2 | You are sucked into a shaft and drop 1 floor!
 36102 | Vaults:3 | Reached skill level 20 in Shapeshifting
 37014 | Vaults:3 | Noticed Asterion
 37030 | Vaults:3 | Killed Asterion
 37616 | Vaults:3 | Paralysed by a formless jellyfish for 1 turns
 37620 | Vaults:3 | Reached skill level 21 in Shapeshifting
 38141 | Vaults:3 | Reached XP level 19. HP: 179/179 MP: 19/19
 39092 | Vaults:3 | Found a staircase to the Crypt.
 39092 | Vaults:3 | Found a basalt altar of Yredelemnul.
 39093 | Vaults:3 | Found an ancient bone altar of Kikubaaqudgha.
 39093 | Vaults:3 | Noticed Donald
 39103 | Vaults:3 | Killed Donald
 39362 | Vaults:4 | Reached skill level 22 in Shapeshifting
 39491 | Vaults:4 | Found a magical portal.
 39516 | WizLab   | Entered Maxwell's Workshop
 40014 | WizLab   | Noticed an electric golem
 40241 | WizLab   | Identified the +2 scale mail of Indecent Exposure {rPois
                  | Dex+3}
 40244 | WizLab   | Identified the +0 hat "Fuigi" {+Inv rPois}
 40253 | WizLab   | Killed an electric golem
 40647 | Vaults:4 | Reached skill level 23 in Shapeshifting
 40703 | Vaults:4 | Reached skill level 1 in Shields
 41243 | Vaults:4 | Reached skill level 5 in Shields
 41787 | Vaults:4 | Reached XP level 20. HP: 180/187 MP: 20/20
 42046 | D:14     | Bought a pair of slimy gloves for 237 gold pieces
 42046 | D:14     | Identified the +0 pair of gloves of Indemnity {rPois rF+}
                  | (You bought it in a shop on level 14 of the Dungeon)
 42344 | Vaults:5 | Entered Level 5 of the Vaults
 43463 | Vaults:5 | Noticed a golden dragon
 43469 | Vaults:5 | Killed a golden dragon
 43705 | Vaults:5 | Identified the +4 short sword of Zular {freeze, Int+2
                  | Dex+3}
 43849 | Vaults:5 | Identified the staff "Qirremme" {Int-3 Dex-2 Conj Hexes
                  | Summ}
 43946 | Vaults:5 | Acquired 469 gold pieces
 44155 | Vaults:5 | Got a silver rune of Zot
 44575 | Vaults:5 | Identified the +8 arbalest "Demonslayer" {penet, Int+4}
 45249 | Elf:1    | Entered Level 1 of the Elven Halls
 45545 | Elf:1    | Reached skill level 5 in Stealth
 45614 | Elf:1    | Noticed Roxanne
 45623 | Elf:1    | Paralysed by an air elemental for 1 turns
 45640 | Elf:1    | Killed Roxanne
 45715 | Elf:1    | Identified the +1 quarterstaff of Dismay {speed, rCorr
                  | Str-5 SInv Stlth+}
 45722 | Elf:1    | Paralysed by an air elemental for 1 turns
 46058 | Elf:1    | Noticed Frances
 46063 | Elf:1    | Killed Frances
 46128 | Elf:1    | Got Kummieth's Almanac of Bruises
 46249 | Elf:1    | Found a runed translucent door.
 46250 | Elf:1    | Noticed ooops's ghost (adept CoGl)
 46718 | Elf:2    | Noticed Louise
 46733 | Elf:2    | Killed Louise
 46788 | Elf:2    | Noticed Zenata
 46797 | Elf:2    | Killed Zenata
 47118 | Elf:2    | Found a runed translucent gate.
 47118 | Elf:2    | Found a runed translucent gate.
 47118 | Elf:2    | Found a runed translucent gate.
 47252 | Elf:2    | Reached XP level 21. HP: 198/198 MP: 21/21
 48092 | Elf:3    | Entered Level 3 of the Elven Halls
 48130 | Elf:3    | HP: 4/258 [orc knight/+0 great mace (20)]
 48597 | Elf:3    | Identified the +3 rapier of War {heavy, Fly Will+ Dex-5}
 49157 | Elf:3    | Identified the +1 orcbow of the Inferno {flame, +Blink
                  | rElec rPois rCorr}
 49567 | Elf:3    | Identified the amulet "Qoatylit" {Faith MP+9}
 49568 | Elf:3    | Identified the +4 broad axe "Equasuhu" {freeze, rElec}
 49641 | Elf:3    | Identified the +1 halberd of Plog {heavy, +Blink Dex+2}
 49641 | Elf:3    | Identified the ring "Tasuts" {Fly rElec rF+++ Str-3 Int-5}
 49948 | Elf:3    | Identified the +1 cloak of Prudence {Rampage MP-9 Str-3
                  | Int+6}
 49980 | Elf:3    | Identified the staff of Profit {rElec Hexes Air}
 49981 | Elf:3    | Identified the staff of Shrieking Terror {rPois rF+ rN+
                  | Will- Dex+3 Fire}
 50039 | Elf:3    | Got the Papyrus of Numb Sparks
 50223 | Elf:3    | Found a radiant altar of Vehumet.
 50246 | Elf:3    | Found a roughly hewn altar of Beogh.
 50386 | Elf:3    | Found Zores's Armour Emporium.
 50728 | Depths:1 | Entered Level 1 of the Depths
 50740 | Depths:1 | Noticed Bai Suzhen
 50756 | Depths:1 | Killed Bai Suzhen
 51654 | Depths:1 | Found a shimmering altar of Xom.
 51668 | Depths:1 | Found a shimmering altar of Xom.
 51827 | Depths:1 | Found a one-way gate to the infinite horrors of the Abyss.
 52170 | Depths:1 | Found a gateway to Hell.
 52283 | Depths:1 | Identified the ring "Hajugh" {rF+ Str+2 Dex+3}
 52369 | Depths:2 | Found Ubbiowke's Antique Weapon Shoppe.
 52371 | Depths:2 | Found Pubrur's Assorted Antiques.
 52374 | Depths:2 | Found Bityimma's Assorted Antiques.
 52424 | Depths:2 | Found a stormy altar of Qazlal.
 52611 | Depths:2 | Found a one-way gate leading to the halls of Pandemonium.
 52625 | Depths:2 | Reached skill level 10 in Evocations
 53228 | Depths:3 | Noticed a golden dragon
 53244 | Depths:3 | Reached skill level 10 in Shields
 53244 | Depths:3 | Reached XP level 22. HP: 50/209 MP: 22/22
 53246 | Depths:3 | Noticed Parghit
 53914 | Depths:3 | Killed Parghit
 54023 | Depths:3 | Killed a golden dragon
 54033 | Depths:3 | HP: 7/209 [storm dragon/bolt of lightning (48)]
 55272 | Depths:4 | Entered Level 4 of the Depths
 55660 | Depths:4 | Found Eschoghupp's Jewellery Shop.
 55727 | Depths:4 | Noticed a caustic shrike
 55727 | Depths:4 | Noticed a caustic shrike
 55727 | Depths:4 | Noticed a caustic shrike
 55728 | Depths:4 | Noticed a caustic shrike
 55734 | Depths:4 | Killed a caustic shrike
 55739 | Depths:4 | Killed a caustic shrike
 55754 | Depths:4 | Killed a caustic shrike
 55767 | Depths:4 | Killed a caustic shrike
 56381 | Depths:4 | Found a runed translucent door.
 56441 | Depths:4 | Found a runed translucent door.
 56441 | Depths:4 | Found a runed translucent door.
 56516 | Depths:4 | Found a runed translucent door.
 56518 | Depths:4 | Found a runed translucent door.
 56518 | Depths:4 | Found a runed translucent door.
 56543 | Depths:4 | Reached skill level 15 in Shields
 57063 | Depths:4 | Found a gate to the Realm of Zot.
 57349 | Depths:4 | Found a one-way gateway to a ziggurat.
 57506 | Depths:4 | Bought a pair of twisted gloves for 332 gold pieces
 57506 | Depths:4 | Identified the -1 pair of gloves of Twilight {^Drain rC+
                  | Str+5} (You bought it in a shop on level 4 of the Depths)
 57883 | Shoals:1 | Entered Level 1 of the Shoals
 57948 | Shoals:1 | Found Buomuxka's Merfolk Weapons.
 57948 | Shoals:1 | Found Buomuxka's Visitors' Centre.
 58972 | Shoals:1 | Found a runed translucent door.
 58977 | Shoals:1 | Noticed Zeibaif's ghost (journeyman DrSh)
 59113 | Shoals:2 | Reached XP level 23. HP: 214/217 MP: 23/23
 60983 | Shoals:4 | Entered Level 4 of the Shoals
 61588 | Shoals:4 | Got a barnacled rune of Zot
 61728 | Shoals:4 | Noticed Ilsuiw
 61757 | Shoals:4 | Killed Ilsuiw
 61982 | Shoals:4 | Acquired 391 gold pieces
 62997 | Zot:1    | Entered Level 1 of the Realm of Zot
 63038 | Zot:1    | HP: 6/221 [something/shard of ice (16)]
 63038 | Zot:1    | Demolished by a black draconian knight

Illustrated notes

Levels and vault maps discovered:
D:1:      wheals_arrival_linesprint, layout_basic, serial_co_window_serial,
          co_window_paths_a, co_window_paths_a, co_window_corner_a,
          co_window_paths_b, co_window_of_opportunity_a, co_window_paths_a,
          co_window_paths_a, co_window_2corner, co_window_paths_c,
          co_window_broadway_c, co_window_unsneaky_path_a, co_window_broadway_c,
          co_window_corner_ca, glass_columns_c, glass_columns_b,
          glass_columns_a, minmay_misc_feat_hallway
D:2:      layout_basic, minmay_goblin_kobold_house
D:3:      layout_rooms, hellmonk_ghost_happy_afterlife, nicolae_titane
D:4:      layout_rooms, uniq_duvessa
D:5:      layout_loops_ring, bloody_makhleb, ebering_ghost_reflecting_pool,
          hangedman_decor_points
D:6:      layout_basic, nicolae_shop_gadgets
D:7:      layout_basic, tso_oasis_becter, minmay_temple_entry_slanted,
          st_stairs_3, uniq_jeremiah, uniq_joseph, uniq_pikel, uniq_maggie
D:8:      layout_basic, hellmonk_lair_entry_icy, serial_shops,
          nicolae_shop_tiny_statue_garden, uniq_grum, uniq_maurice
D:9:      minmay_the_grid_3x3 [minmay_the_grid_eight, minmay_the_grid_x,
          minmay_the_grid_broken_lines, minmay_the_grid_medium_cups,
          minmay_the_grid_small_cups, minmay_the_grid_stretched_grid,
          minmay_the_grid_minigrid_large, minmay_the_grid_diamond_grid,
          minmay_the_grid_prize_inner_circle], layout_cave_pools,
          pdpol_wu_jian_five_deadly_venoms, evilmike_minifort
D:10:     layout_cave_pods, david_orc_1_choice, nicolae_trove_entry_isolated,
          bh_hangedman_babel_library, uniq_gastronok
D:11:     layout_loops_ring, minivault_12, uniq_lodul, uniq_nergalle, uniq_urug,
          uniq_sonja, uniq_erica
D:12:     layout_cross, serial_shops,
          nicolae_shop_temple_entry_statues_fountains
D:13:     layout_rooms, david_vaults_2, nrook_campfire, uniq_rupert, uniq_azrael
D:14:     layout_cave_pools, serial_shops, kennysheep_little_box,
          nicolae_twisting_strands
D:15:     hangedman_depths_entry_try_elsewhere_first, layout_rooms,
          serial_shops, shop, evilmike_ruin_ashenzari,
          hangedman_abyss_or_decor_stagger, minmay_rotating_lava
Temple:   compressed_dpeg_triangle_lava_temple
Lair:1:   layout_layer_cave
Lair:2:   layout_cave_pods, nicolae_snake_entry_squirm,
          ebering_ghost_disaster_area, beast_lair_carwin_6
Lair:3:   layout_roguey, nicolae_shoals_entry_flooding,
          nicolae_quartered_pool_super, infiniplex_staircase_pool
Lair:4:   gammafunk_worm_tunnel, layout_regular_city, slime_entry_1,
          beast_lair_carwin_9, infiniplex_staircase_pool_2
Lair:5:   minmay_lair_end_frog_pond, layout_loops_ring, st_stairs_13
Shoals:1: nicolae_shoals_mermall, layout_shoals, ebering_ghost_reflecting_pool
Shoals:2: layout_shoals
Shoals:3: layout_shoals
Shoals:4: shoals_end_grunt_garden, layout_shoals, shoal_ilsuiw,
          nicolae_shoals_cliffside_cave
Snake:1:  layout_misc_corridors, nicolae_shop_i_like_small_books_too,
          lemuel_fruit_tree, uniq_kirke, uniq_agnes
Snake:2:  layout_layer_cave, grunt_ministairs_15
Snake:3:  layout_basic, drop_trap
Snake:4:  hellmonk_snake_rune_quicksilver_temple, layout_onion_interference,
          serial_shops, nicolae_shop_crystal
Orc:1:    layout_caves, serial_shops, nicolae_shop_hallway_plus,
          portal_ice_cave_demonic_guard, minmay_orc_treasury
Orc:2:    kennysheep_orc_mage_school, layout_diamond_mine,
          ebering_ghost_disaster_area, basic_altar, uniq_erolcha, uniq_nessos
Elf:1:    eino_elf_arrival_the_gate, layout_rooms, ebering_ghost_inner_flame,
          minmay_elf_annihilation, hangedman_elf_simple_split,
          small_chamber_with_monster, drop_trap, grunt_megastairs_3,
          uniq_roxanne, uniq_frances
Elf:2:    elven_hall_of_blades_hangedman_original [nicolae_blade_bullseye],
          layout_geoelf_octagon, palyth_stone_intersect,
          small_statue_intersection, dreamdust_princess_bridge, uniq_louise,
          uniq_zenata
Elf:3:    minmay_elf_hall_furrowed, layout_loops_corners, serial_shops,
          nicolae_lakefront_shop, minivault_25_ag, nicolae_elf_theology_debate
Vaults:1: vaults_mumra_hexcomb, lemuel_angel_altar,
          nicolae_vaults_trapezoid_lopsided_1,
          nicolae_vaults_door_testing_chamber, st_smaller_cells,
          vaults_room_hallway, vaults_room_pool,
          nicolae_vaults_doubleplus_tesselated, vaults_room_hallway,
          nicolae_vaults_sealed_display, layout_vaults_omnigrid, serial_shops,
          shop
Vaults:2: hangedman_vaults_river_flow, nicolae_vaults_lightning_bolt,
          nicolae_vaults_little_squares_6, v_alt_pattern_4,
          nicolae_vaults_stepped_doors, nicolae_vaults_back_hallway,
          nicolae_vaults_angled_halls, hangedman_vaults_snaps,
          ontoclasm_vaults_hangar, v_misc_17, v_alt_pattern_2,
          ontoclasm_vaults_hangar, nicolae_vaults_trapezoid_lopsided_4,
          nicolae_vaults_trapezoid_lopsided_4, vaults_room_pools,
          nicolae_vaults_little_ls, ontoclasm_vaults_decontamination,
          layout_vaults_maze
Vaults:3: nicolae_vaults_storage_closets_1, v_rooms_2, hangedman_vaults_corner,
          minmay_crypt_entry_necro_gods, nicolae_vaults_stairing_the_circle,
          vaults_mumra_hex, v_pattern_1, vaults_room_grid,
          nicolae_vaults_rhombus_6, nicolae_vaults_circle_grid_a,
          nicolae_vaults_tetromino_L_1, nicolae_vaults_little_squares_6,
          layout_vaults_omnibox, uniq_asterion, uniq_donald
Vaults:4: lightli_enter_wizlab_magi_temple, v_misc_29, v_rooms_5,
          hangedman_vaults_nails, v_misc_3, ontoclasm_vaults_bender,
          grunt_vaults_funnel, v_misc_5, vaults_room_ringed_pool,
          vaults_room_semicircle, layout_vaults_ring
Vaults:5
Depths:1: layout_gridlike, lightli_too_deep, abyss_entry,
          kennysheep_nondescript, minmay_misc_feat_tiny, st_stairs_5,
          xom_redecorated, uniq_bai_suzhen
Depths:2: minmay_inside_and_out, layout_cave_shapes, grunt_pan_entry_in_and_out,
          hell_entry, grunt_qazlal_clouds, minmay_shop_star, firewood_loft,
          infiniplex_staircase_squiggle
Depths:3: minmay_roctagon, layout_cave_pools, hell_entry, abyss_entry,
          uniq_parghit
Depths:4: evilmike_zot_entry_castle, layout_gridlike, enter_ziggurat_f,
          hell_entry, serial_shops, nicolae_shop_stone
Zot:1:    layout_twisted_circle, regret_index_zotdec_onion_hex

Skill      XL: |  1  2  3  4  5  6  7  8  9 10 11 12 13 14 15 16 17 18 19 20 21 22 23 |
---------------+----------------------------------------------------------------------+-----
Stealth        | 1 4 9 |  9.0
Shapeshifting  | 4 5 6 7 9 11 13 14 16 17 18 21 23 | 23.0
Dodging        | 2 4 9 |  9.0
Fighting       | 4 6 9 12 13 14 18 19 20 21 | 21.5
Unarmed Combat | 5 6 9 10 13 15 16 18 20 21 | 21.7
Evocations     | 3 5 10 | 10.0
Shields        | 7 9 10 15 | 15.0

Action                     |  1- 3 |  4- 6 |  7- 9 | 10-12 | 13-15 | 16-18 | 19-21 | 22-24 || total
---------------------------+-------+-------+-------+-------+-------+-------+-------+-------++-------
  Melee: Unarmed           |    97 |    65 |   365 |   759 |  1678 |   898 |  1328 |  1148 ||  6338
         Tailslap          |    15 |     4 |    51 |   140 |   389 |   137 |   252 |   231 ||  1219
         Punch             |     2 |       |       |     1 |     5 |   107 |    24 |       ||   139
         Bite              |       |       |       |       |     5 |   105 |    44 |       ||   154
  Throw: Dart              |       |       |       |     4 |       |       |       |       ||     4
 Invoke: Potion Petition   |       |       |       |     2 |       |     1 |       |       ||     3
         Call Merchant     |       |       |       |       |     5 |       |       |     3 ||     8
         Bribe Branch      |       |       |       |       |       |       |     2 |       ||     2
Ability: Mud Breath        |       |       |     1 |     6 |     9 |     2 |       |       ||    18
  Evoke: Wand              |       |       |       |     7 |    11 |       |       |     5 ||    23
         Box of beasts     |       |       |       |       |       |     1 |     1 |     1 ||     3
    Use: Scroll            |     4 |       |     9 |    10 |    11 |     2 |    16 |     9 ||    61
         Potion            |       |     2 |       |    12 |     3 |     1 |     7 |       ||    25
   Stab: Sleeping          |     2 |       |       |       |       |    12 |     9 |    17 ||    40
         Distracted        |       |       |       |     4 |     8 |    12 |    18 |    10 ||    52
 Armour: Skin              |    59 |    51 |   104 |   308 |   643 |   769 |   837 |   525 ||  3296
  Dodge: Dodged            |    43 |    32 |   335 |   629 |  1251 |   267 |   455 |   419 ||  3431
  Block: Other             |    17 |    16 |    77 |   157 |   304 |   121 |    31 |       ||   723
         Reflection        |       |     1 |     3 |     5 |    13 |    12 |    96 |    50 ||   180
         Kite shield       |       |       |       |       |       |       |   755 |   791 ||  1546
         Form:             |     1 |       |       |       |       |       |       |       ||     1
         Beast             |     1 |       |       |       |       |       |       |       ||     1
         Flux              |       |     1 |       |       |     1 |       |       |       ||     2
         Dragon            |       |       |       |       |     2 |       |       |       ||     2
         Death             |       |       |       |       |       |       |     2 |       ||     2
         Statue            |       |       |       |       |       |       |     1 |       ||     1

Table legend: (Time is in decaauts)
 A = Elapsed time spent in this place.
 B = Non-inter-level travel time spent in this place.
 C = Inter-level travel time spent in this place.
 D = Time resting spent in this place.
 E = Time spent auto-exploring this place.
 F = Levels seen in this place.
 G = Mean time per level.
                   A        B        C        D        E       F      G
               +--------+--------+--------+--------+--------+-----+--------+
         Total |  63636 |  58635 |   5001 |   7954 |  40526 |  46 | 1383.4 |
       Dungeon |  16850 |  14698 |   2152 |   2416 |   9618 |  15 | 1123.3 |
        Temple |    235 |    235 |      0 |    207 |      0 |   1 |  235.0 |
          Lair |   6147 |   5562 |    585 |      0 |   4517 |   5 | 1229.4 |
        Shoals |   4638 |   4422 |    216 |    243 |   3286 |   4 | 1159.5 |
     Snake Pit |   5532 |   5323 |    209 |   1474 |   3150 |   4 | 1383.0 |
  Orcish Mines |   3561 |   3193 |    368 |    373 |   2085 |   2 | 1780.5 |
   Elven Halls |   7287 |   7041 |    246 |    936 |   4910 |   3 | 2429.0 |
        Vaults |  10808 |   9968 |    840 |   1193 |   7338 |   5 | 2161.6 |
        Depths |   6522 |   6141 |    381 |   1076 |   4028 |   4 | 1630.5 |
           Zot |     32 |     32 |      0 |      0 |      0 |   1 |   32.0 |
      Ice Cave |   1183 |   1183 |      0 |     34 |    930 |   1 | 1183.0 |
        Wizlab |    835 |    835 |      0 |      0 |    663 |   1 |  835.0 |
               +--------+--------+--------+--------+--------+-----+--------+

Top non-repeatable levels by time:
   Elf:3: 3508 daAuts
Vaults:3: 2683 daAuts
     D:9: 2437 daAuts
Vaults:4: 2379 daAuts
Vaults:1: 2276 daAuts
Depths:4: 2239 daAuts
   Elf:2: 2051 daAuts
 Snake:3: 2030 daAuts
   Orc:1: 1942 daAuts
     D:6: 1791 daAuts
Vaults:5: 1755 daAuts
   Elf:1: 1727 daAuts
Vaults:2: 1714 daAuts
Depths:3: 1631 daAuts
   Orc:2: 1618 daAuts
